TOP OF THE 1ST |
Johnson City Cardinals batting - Pitching for Billings Mustangs : RHP Victor Uriegas
|
Pitching: RHP Victor Uriegas
|
|
Batting: RHB Fortunato Fteira
|
0-0: Ball 1-0: Called Strike 1-1: Foul Ball, location: 2F 1-2: Strikes out swinging
|
Batting: RHB Tim Cleary
|
0-0: DOUBLE (Line Drive, 9LS, EV 97.5 MPH)
|
Batting: RHB Pat Scaturro
|
0-0: Ball 1-0: Called Strike 1-1: Fly out, F7 (Flyball, 7LM, EV 93.8 MPH) Throwing error, E7 Tim Cleary scores
|
Batting: RHB Josh Broome
|
0-0: Ball 1-0: Fly out, F8 (Flyball, 8LM, EV 91.9 MPH)
|
Top of the 1st over - 1 run, 1 hit, 1 error, 0 left on base; Johnson City 1 - Billings 0 |
BOTTOM OF THE 1ST |
Billings Mustangs batting - Pitching for Johnson City Cardinals : RHP Gareth Haigh
|
Pitching: RHP Gareth Haigh
|
|
Batting: RHB Nick Miller
|
0-0: Fly out, F9 (Flyball, 9LS, EV 84.4 MPH)
|
Batting: LHB David Moore
|
0-0: Foul Ball, location: 2F 0-1: Ball 1-1: Ball 2-1: Called Strike 2-2: Ball 3-2: Foul Ball, location: 2F 3-2: Base on Balls
|
Batting: LHB Chris Redhead
|
0-0: Swinging Strike 0-1: Swinging Strike 0-2: Strikes out swinging
|
Batting: RHB Jonathan Robies
|
0-0: Fly out, F8 (Line Drive, 8LM, EV 91.9 MPH)
|
Bottom of the 1st over - 0 runs, 0 hits, 0 errors, 1 left on base; Johnson City 1 - Billings 0 |
TOP OF THE 2ND |
Johnson City Cardinals batting - Pitching for Billings Mustangs : RHP Victor Uriegas
|
Batting: RHB Brad Payne
|
0-0: Swinging Strike 0-1: Ball 1-1: SINGLE (Groundball, 56D, EV 100.0 MPH)
|
Batting: RHB Austin Akers
|
0-0: Ball 1-0: Ball Brad Payne steals 2nd base 2-0: Fly out, F8 (Flyball, 8RD, EV 75.0 MPH)
|
Batting: RHB Kyle Burns
|
0-0: SINGLE (Line Drive, 9S, EV 87.5 MPH) Brad Payne to third Runner from 3rd tries for Home, throw by RF and OUT! 9-2
|
Batting: RHB Chris Jones
|
0-0: Ball 1-0: Ground out 5-3 (Groundball, 5S, EV 86.9 MPH)
|
Top of the 2nd over - 0 runs, 2 hits, 0 errors, 1 left on base; Johnson City 1 - Billings 0 |
BOTTOM OF THE 2ND |
Billings Mustangs batting - Pitching for Johnson City Cardinals : RHP Gareth Haigh
|
Batting: RHB Jay Jacobson
|
0-0: Swinging Strike 0-1: Ball 1-1: Ball 2-1: Foul Ball, location: 2F 2-2: Strikes out swinging
|
Batting: RHB Yutaka Sato
|
0-0: Ball 1-0: Foul Ball, location: 2F 1-1: Called Strike 1-2: Ball 2-2: Ball 3-2: SINGLE (Groundball, 56D, EV 96.9 MPH)
|
Batting: RHB Mark Ortner
|
0-0: DOUBLE (Groundball, 5L, EV 101.3 MPH) Yutaka Sato to third
|
Batting: LHB William Matthews
|
0-0: Foul Ball, location: 2F 0-1: Ball 1-1: Ball 2-1: Ball 3-1: SINGLE (Groundball, 4D, EV 104.4 MPH) Yutaka Sato scores Mark Ortner to third
|
Batting: RHB Cyd Carver
|
0-0: Fly out, F8 (Flyball, 89D, EV 94.4 MPH) Runner from 3rd tags up, SCORES, throw by CF
|
Batting: RHB Nick Miller
|
0-0: Swinging Strike 0-1: Ball 1-1: Foul Ball, location: 2F 1-2: Strikes out swinging
|
Bottom of the 2nd over - 2 runs, 3 hits, 0 errors, 1 left on base; Johnson City 1 - Billings 2 |
TOP OF THE 3RD |
Johnson City Cardinals batting - Pitching for Billings Mustangs : RHP Victor Uriegas
|
Batting: RHB Ray Souza
|
0-0: Ball 1-0: SOLO HOME RUN (Flyball, 78XD, EV 106.3 MPH), Distance : 409 ft
|
Batting: RHB Fortunato Fteira
|
0-0: Foul Ball, location: 2F 0-1: SINGLE (Groundball, 56S, EV 76.9 MPH) (infield hit)
|
Batting: RHB Tim Cleary
|
0-0: Foul Ball, location: 2F 0-1: Fly out, F8 (Flyball, 8RS, EV 89.4 MPH)
|
Batting: RHB Pat Scaturro
|
0-0: Called Strike 0-1: Ball Fortunato Fteira steals 2nd, throwing error, E2 Fortunato Fteira to third 1-1: SINGLE (Flyball, 6MD, EV 90.6 MPH) Fortunato Fteira scores
|
Batting: RHB Josh Broome
|
0-0: Swinging Strike 0-1: Ball 1-1: Swinging Strike 1-2: Foul Ball, location: 2F 1-2: Ball Wild Pitch! Pat Scaturro to second 2-2: Foul Ball, location: 2F 2-2: Strikes out swinging
|
Batting: RHB Brad Payne
|
0-0: SINGLE (Groundball, 6MD, EV 102.5 MPH) Pat Scaturro to third Runner from 3rd tries for Home, SAFE, throw by CF to home
|
Batting: RHB Austin Akers
|
0-0: Ball 1-0: Swinging Strike 1-1: Ball 2-1: Swinging Strike 2-2: Foul Ball, location: 2F 2-2: Ball 3-2: Base on Balls Brad Payne to second
|
Batting: RHB Kyle Burns
|
0-0: Foul Ball, location: 2F 0-1: Ball 1-1: Foul Ball, location: 2F 1-2: Strikes out looking
|
Top of the 3rd over - 3 runs, 4 hits, 1 error, 2 left on base; Johnson City 4 - Billings 2 |
BOTTOM OF THE 3RD |
Billings Mustangs batting - Pitching for Johnson City Cardinals : RHP Gareth Haigh
|
Batting: LHB David Moore
|
0-0: Swinging Strike 0-1: Ground out 4-3 (Groundball, 4, EV 87.5 MPH)
|
Batting: LHB Chris Redhead
|
0-0: Called Strike 0-1: Foul Ball, location: 2F 0-2: Ball 1-2: Ball 2-2: Fly out, F7 (Flyball, 78D, EV 96.9 MPH)
|
Batting: RHB Jonathan Robies
|
0-0: Called Strike 0-1: Ball 1-1: Ball 2-1: Foul Ball, location: 2F 2-2: Ball 3-2: Base on Balls
|
Batting: RHB Jay Jacobson
|
0-0: Called Strike 0-1: Swinging Strike 0-2: Ball 1-2: Foul Ball, location: 2F 1-2: Ball 2-2: Strikes out swinging
|
Bottom of the 3rd over - 0 runs, 0 hits, 0 errors, 1 left on base; Johnson City 4 - Billings 2 |
TOP OF THE 4TH |
Johnson City Cardinals batting - Pitching for Billings Mustangs : RHP Victor Uriegas
|
Batting: RHB Chris Jones
|
0-0: SINGLE (Groundball, 6D, EV 93.8 MPH)
|
Batting: RHB Ray Souza
|
0-0: Swinging Strike 0-1: Swinging Strike 0-2: Foul Ball, location: 2F 0-2: Strikes out swinging
|
Batting: RHB Fortunato Fteira
|
0-0: Ball 1-0: Called Strike 1-1: Ball 2-1: Foul Ball, location: 2F 2-2: Ball 3-2: Base on Balls Chris Jones to second
|
Batting: RHB Tim Cleary
|
0-0: TRIPLE (Line Drive, 89XD, EV 103.1 MPH) Chris Jones scores Fortunato Fteira scores
|
Batting: RHB Pat Scaturro
|
0-0: Called Strike 0-1: SINGLE (Groundball, 4MD, EV 95.0 MPH) Tim Cleary scores
|
Batting: RHB Josh Broome
|
0-0: Ball 1-0: Fly out, F7 (Flyball, 7S, EV 95.0 MPH)
|
Batting: RHB Brad Payne
|
0-0: Ball 1-0: Called Strike 1-1: Ball 2-1: Ball Pat Scaturro is caught stealing 2nd base 2-4
|
Top of the 4th over - 3 runs, 3 hits, 0 errors, 0 left on base; Johnson City 7 - Billings 2 |
BOTTOM OF THE 4TH |
Billings Mustangs batting - Pitching for Johnson City Cardinals : RHP Gareth Haigh
|
Batting: RHB Yutaka Sato
|
0-0: Ball 1-0: Called Strike 1-1: Ground out 6-3 (Groundball, 56, EV 98.1 MPH)
|
Batting: RHB Mark Ortner
|
0-0: Foul Ball, location: 2F 0-1: SINGLE (Groundball, P, EV 88.1 MPH) (infield hit)
|
Batting: LHB William Matthews
|
0-0: Called Strike 0-1: Swinging Strike 0-2: SINGLE (Groundball, 56D, EV 101.3 MPH) Mark Ortner to second
|
Batting: RHB Cyd Carver
|
0-0: Called Strike 0-1: Swinging Strike 0-2: Ball 1-2: Strikes out swinging
|
Batting: RHB Nick Miller
|
0-0: Ball 1-0: Called Strike 1-1: Foul Ball, location: 2F 1-2: Ball 2-2: Fielders Choice at 2nd, 5-4 (Groundball, 56, EV 92.5 MPH)
|
Bottom of the 4th over - 0 runs, 2 hits, 0 errors, 2 left on base; Johnson City 7 - Billings 2 |
TOP OF THE 5TH |
Johnson City Cardinals batting - Pitching for Billings Mustangs : RHP Victor Uriegas
|
Batting: RHB Brad Payne
|
0-0: Ball 1-0: Called Strike 1-1: Foul Ball, location: 2F 1-2: Ball 2-2: Ground out U3 (Groundball, 34, EV 85.0 MPH)
|
Batting: RHB Austin Akers
|
0-0: SINGLE (Line Drive, 7S, EV 109.4 MPH)
|
Batting: RHB Kyle Burns
|
0-0: Called Strike 0-1: Called Strike Austin Akers steals 2nd base (no throw) 0-2: Ball 1-2: SINGLE (Line Drive, 8LS, EV 111.9 MPH) Austin Akers to third Runner from 3rd tries for Home, throw by CF and OUT! 8-2 Kyle Burns to second
|
Pitching: LHP Paul Fuller
|
|
Batting: RHB Chris Jones
|
0-0: Ball 1-0: Swinging Strike 1-1: Ball 2-1: Ball 3-1: Swinging Strike 3-2: Strikes out swinging
|
Top of the 5th over - 0 runs, 2 hits, 0 errors, 1 left on base; Johnson City 7 - Billings 2 |
BOTTOM OF THE 5TH |
Billings Mustangs batting - Pitching for Johnson City Cardinals : RHP Gareth Haigh
|
Batting: LHB David Moore
|
0-0: Foul Ball, location: 2F 0-1: Swinging Strike 0-2: Ball 1-2: Ball 2-2: Ball 3-2: Fly out, F8 (Flyball, 8LXD, EV 103.8 MPH)
|
Batting: LHB Chris Redhead
|
0-0: Called Strike 0-1: Foul Ball, location: 2F 0-2: Ball 1-2: Strikes out swinging
|
Batting: RHB Jonathan Robies
|
0-0: Called Strike 0-1: Swinging Strike 0-2: Strikes out swinging
|
Bottom of the 5th over - 0 runs, 0 hits, 0 errors, 0 left on base; Johnson City 7 - Billings 2 |
TOP OF THE 6TH |
Johnson City Cardinals batting - Pitching for Billings Mustangs : LHP Paul Fuller
|
Batting: RHB Ray Souza
|
0-0: Ground out 6-3 (Groundball, 6MD, EV 81.9 MPH)
|
Batting: RHB Fortunato Fteira
|
0-0: Ball 1-0: Called Strike 1-1: Called Strike 1-2: Strikes out swinging
|
Batting: RHB Tim Cleary
|
0-0: Called Strike 0-1: Called Strike 0-2: Ball 1-2: Ball 2-2: DOUBLE (Groundball, 5L, EV 103.8 MPH)
|
Batting: RHB Pat Scaturro
|
0-0: Called Strike 0-1: Ball 1-1: Ball 2-1: Ball 3-1: Foul Ball, location: 2F 3-2: Base on Balls
|
Pitching: RHP Vladislav Prochazka
|
|
Batting: RHB Josh Broome
|
0-0: Called Strike 0-1: Foul Ball, location: 2F 0-2: Ground out 4-3 (Groundball, 34D, EV 100.0 MPH)
|
Top of the 6th over - 0 runs, 1 hit, 0 errors, 2 left on base; Johnson City 7 - Billings 2 |
BOTTOM OF THE 6TH |
Billings Mustangs batting - Pitching for Johnson City Cardinals : RHP Gareth Haigh
|
Pitching: RHP Joe Cornell
|
|
Batting: RHB Jay Jacobson
|
0-0: Called Strike 0-1: Swinging Strike 0-2: Foul Ball, location: 2F 0-2: Ball 1-2: Strikes out swinging
|
Batting: RHB Yutaka Sato
|
0-0: Ball 1-0: Swinging Strike 1-1: Ball 2-1: Called Strike 2-2: Ball 3-2: Foul Ball, location: 2F 3-2: Base on Balls
|
Batting: RHB Mark Ortner
|
0-0: Ball 1-0: Ball Yutaka Sato steals 2nd base 2-0: Ball 3-0: Called Strike 3-1: Swinging Strike 3-2: Strikes out swinging
|
Batting: LHB William Matthews
|
0-0: Ball 1-0: Ball 2-0: Foul Ball, location: 2F 2-1: Foul Ball, location: 2F 2-2: Foul Ball, location: 2F 2-2: Hit by Pitch
|
Batting: RHB Cyd Carver
|
0-0: Ground out 5-3 (Groundball, 56S, EV 63.1 MPH)
|
Bottom of the 6th over - 0 runs, 0 hits, 0 errors, 2 left on base; Johnson City 7 - Billings 2 |
TOP OF THE 7TH |
Johnson City Cardinals batting - Pitching for Billings Mustangs : RHP Vladislav Prochazka
|
Batting: RHB Brad Payne
|
0-0: Called Strike 0-1: Foul Ball, location: 2F 0-2: Foul Ball, location: 2F 0-2: DOUBLE (Line Drive, 78D, EV 106.9 MPH)
|
Batting: RHB Austin Akers
|
0-0: Called Strike 0-1: SINGLE (Line Drive, 8RS, EV 105.0 MPH) Brad Payne to third
|
Batting: RHB Kyle Burns
|
0-0: Foul Ball, location: 2F 0-1: Fly out, F3 (Popup, 3SF, EV 80.6 MPH)
|
Batting: RHB Chris Jones
|
0-0: Called Strike Austin Akers steals 2nd base (no throw) 0-1: Called Strike 0-2: Ball 1-2: Ball 2-2: Ground out 4-3 (Groundball, 4, EV 88.1 MPH) Brad Payne scores Austin Akers to third
|
Batting: RHB Ray Souza
|
0-0: Called Strike 0-1: SINGLE (Groundball, P, EV 82.5 MPH) (infield hit) Austin Akers scores
|
Pitching: RHP Tim Beck
|
|
Batting: RHB Fortunato Fteira
|
0-0: Ball Ray Souza steals 2nd base 1-0: Ball 2-0: Ball 3-0: Called Strike 3-1: Called Strike 3-2: Strikes out looking
|
Top of the 7th over - 2 runs, 3 hits, 0 errors, 1 left on base; Johnson City 9 - Billings 2 |
BOTTOM OF THE 7TH |
Billings Mustangs batting - Pitching for Johnson City Cardinals : RHP Joe Cornell
|
Batting: RHB Nick Miller
|
0-0: Called Strike 0-1: Ball 1-1: Called Strike 1-2: Strikes out swinging
|
Batting: LHB David Moore
|
0-0: Ball 1-0: Called Strike 1-1: Foul Ball, location: 2F 1-2: Foul Ball, location: 2F 1-2: Foul Ball, location: 2F 1-2: Foul Ball, location: 2F 1-2: Ball 2-2: Ball 3-2: SOLO HOME RUN (Flyball, 9D, EV 96.3 MPH), Distance : 371 ft
|
Pitching: RHP Ray Strehler
|
|
Batting: LHB Chris Redhead
|
0-0: Ground out 6-3 (Groundball, 6MS, EV 85.0 MPH)
|
Batting: RHB Jonathan Robies
|
0-0: Ball 1-0: DOUBLE (Groundball, 5L, EV 108.8 MPH)
|
Batting: RHB Jay Jacobson
|
0-0: Ball 1-0: Foul Ball, location: 2F 1-1: Foul Ball, location: 2F 1-2: DOUBLE (Line Drive, 78M, EV 97.5 MPH) Jonathan Robies scores
|
Batting: RHB Yutaka Sato
|
0-0: Called Strike 0-1: Fly out, F8 (Flyball, 8LS, EV 94.4 MPH)
|
Bottom of the 7th over - 2 runs, 3 hits, 0 errors, 1 left on base; Johnson City 9 - Billings 4 |
TOP OF THE 8TH |
Johnson City Cardinals batting - Pitching for Billings Mustangs : RHP Tim Beck
|
Batting: RHB Tim Cleary
|
0-0: Called Strike 0-1: Ball 1-1: Called Strike 1-2: Strikes out swinging
|
Batting: RHB Pat Scaturro
|
0-0: Ground out 4-3 (Groundball, 4, EV 85.0 MPH)
|
Batting: RHB Josh Broome
|
0-0: Ball 1-0: Foul Ball, location: 2F 1-1: Foul Ball, location: 2F 1-2: Ground out U3 (Groundball, 3L, EV 76.9 MPH)
|
Top of the 8th over - 0 runs, 0 hits, 0 errors, 0 left on base; Johnson City 9 - Billings 4 |
BOTTOM OF THE 8TH |
Billings Mustangs batting - Pitching for Johnson City Cardinals : RHP Ray Strehler
|
Batting: RHB Mark Ortner
|
0-0: Ball 1-0: Ground out 3-1 (Groundball, 3S, EV 64.4 MPH)
|
Batting: LHB William Matthews
|
0-0: Swinging Strike 0-1: Swinging Strike 0-2: Strikes out swinging
|
Batting: RHB Cyd Carver
|
0-0: Swinging Strike 0-1: Called Strike 0-2: Ball 1-2: Strikes out swinging
|
Bottom of the 8th over - 0 runs, 0 hits, 0 errors, 0 left on base; Johnson City 9 - Billings 4 |
TOP OF THE 9TH |
Johnson City Cardinals batting - Pitching for Billings Mustangs : RHP Tim Beck
|
Batting: RHB Brad Payne
|
0-0: Ball 1-0: Foul Ball, location: 2F 1-1: Ball 2-1: Ball 3-1: Base on Balls
|
Batting: RHB Austin Akers
|
0-0: 2-RUN HOME RUN (Flyball, 9LD, EV 91.9 MPH), Distance : 366 ft
|
Batting: RHB Kyle Burns
|
0-0: Foul Ball, location: 2F 0-1: Foul Ball, location: 2F 0-2: Foul Ball, location: 2F 0-2: Ball 1-2: DOUBLE (Line Drive, 3D, EV 99.4 MPH)
|
Batting: RHB Chris Jones
|
0-0: Called Strike 0-1: Foul Ball, location: 2F 0-2: Ball 1-2: Strikes out swinging
|
Batting: RHB Ray Souza
|
0-0: Ball 1-0: Ball 2-0: Called Strike 2-1: Ball Wild Pitch! Kyle Burns to third 3-1: Called Strike 3-2: Base on Balls
|
Batting: RHB Fortunato Fteira
|
0-0: Swinging Strike 0-1: Ball 1-1: Ground out 5-3 (Groundball, 5S, EV 68.1 MPH) Kyle Burns scores Ray Souza to second
|
Batting: RHB Tim Cleary
|
0-0: Called Strike 0-1: Foul Ball, location: 2F 0-2: Ball 1-2: Foul Ball, location: 2F 1-2: Ball 2-2: SINGLE (Groundball, 6MD, EV 102.5 MPH) Ray Souza to third Runner from 3rd tries for Home, throw by CF and OUT! 8-2
|
Top of the 9th over - 3 runs, 3 hits, 0 errors, 1 left on base; Johnson City 12 - Billings 4 |
BOTTOM OF THE 9TH |
Billings Mustangs batting - Pitching for Johnson City Cardinals : RHP Ray Strehler
|
Pitching: RHP Casey Cogdill
|
|
Batting: RHB Nick Miller
|
0-0: Called Strike 0-1: Called Strike 0-2: Strikes out looking
|
Batting: LHB David Moore
|
0-0: Ball 1-0: Called Strike 1-1: Called Strike 1-2: Ball 2-2: Ball 3-2: Base on Balls
|
Batting: LHB Chris Redhead
|
0-0: Called Strike 0-1: Called Strike 0-2: Foul Ball, location: 2F 0-2: Foul Ball, location: 2F 0-2: Ball 1-2: Ball 2-2: Ball 3-2: Strikes out looking
|
Batting: RHB Jonathan Robies
|
0-0: Called Strike 0-1: DOUBLE (Line Drive, 89D, EV 111.9 MPH) David Moore to third
|
Batting: RHB Jay Jacobson
|
0-0: Called Strike 0-1: Swinging Strike 0-2: Strikes out swinging
|
Bottom of the 9th over - 0 runs, 1 hit, 0 errors, 2 left on base; Johnson City 12 - Billings 4 |
|